 Dungeon Crawl Stone Soup version 0.30-a0-1116-gebefce21f7 (webtiles) character file.

Game seed: 10341190273943310261

56 IdlyInterested the Trooper (level 3, 0/29 HPs)
             Began as a Demonspawn Fighter on Apr 21, 2023.
             Slain by a worm (7 damage)
             ... on level 2 of the Dungeon.
             The game lasted 00:03:00 (881 turns).

IdlyInterested the Trooper (Demonspawn Fighter)      Turns: 881, Time: 00:03:01

Health: 0/29       AC:  6    Str: 16    XL:     3   Next: 69%
Magic:  3/3        EV:  9    Int:  9    God:
Gold:   42         SH:  4    Dex: 14    Spells: 2/2 levels left

rFire   . . .      SeeInvis .    a - +0 war axe
rCold   . . .      Faith    .    c - +0 buckler
rNeg    . . .      Spirit   .    b - +0 scale mail
rPois   .          Reflect  .    (no helmet)
rElec   .          Rampage  .    (no cloak)
rCorr   .                        (no gloves)
Will    .....                    (no boots) Stlth
                                 (no amulet)
HPRegen 0.24/turn                (no ring)
MPRegen 0.08/turn                (no ring)

@: no status effects
A: claws 1
a: no special abilities


You were on level 2 of the Dungeon.
You visited 1 branch of the dungeon, and saw 2 of its levels.

You collected 42 gold pieces.

Inventory:

Hand Weapons
 a - a +0 war axe (weapon)
 e - a +0 dagger
 h - a +0 dagger of protection
Missiles
 i - 4 stones (quivered)
Armour
 b - a +0 scale mail (worn)
 c - a +0 buckler (worn)
Jewellery
 k - a +5 ring of evasion
Scrolls
 g - a scroll of blinking {unknown}
 j - a scroll of noise {unknown}
Potions
 d - a potion of might
 f - a potion of heal wounds {unknown}


   Skills:
 + Level 3.6 Fighting
 * Level 1.3 Short Blades
 - Level 1.7 Axes
 + Level 0.7 Throwing
 - Level 2.6 Armour
 - Level 1.0 Dodging
 - Level 1.0 Stealth
 - Level 2.6 Shields


You had 2 spell levels left.
You didn't know any spells.
Your spell library contained the following spells:

 Spells                   Type           Power      Damage    Failure   Level
 Beastly Appendage        Tmut           0%         N/A       89%         1
 Wereblood                Tmut           0%         N/A       96%         2
 Spider Form              Tmut/Pois      0%         N/A       99%         3


Dungeon Overview and Level Annotations

Branches:
Dungeon (2/15)

Altars:
Sif Muna


Innate Abilities, Weirdness & Mutations

You have sharp fingernails.


Message History

There is a stone staircase leading up here.
You climb upwards.
There is a stone staircase leading down here.
There is a stone staircase leading down here.
You climb downwards.
Found a leather armour.
There is a stone staircase leading up here.
Found a shimmering blue altar of Sif Muna.
Found an escape hatch in the floor.
A worm comes into view.
You see here 9 gold pieces.
k - a +5 ring of evasion You hit the worm but do no damage.
The worm bites you.
You barely miss the worm. You block the worm's attack.
You barely miss the worm. You hit the worm.
The worm is moderately wounded.
The worm bites you!
You barely miss the worm.
The worm is moderately wounded.
The worm misses you.
You hit the worm.
The worm is moderately wounded.
You block the worm's attack.
You hit the worm.
The worm is moderately wounded.
The worm bites you.
You barely miss the worm.
The worm is moderately wounded.
The worm bites you.
You hit the worm.
The worm is heavily wounded.
The worm bites you.
* * * LOW HITPOINT WARNING * * *
You barely miss the worm.
The worm is moderately wounded.
You hit the worm.
The worm is severely wounded.
The worm bites you!
You die...

#....# #..>.# ###
##....####.#
#..........##
#.....###...###
#.....#.......###
##........#......#
#..$......##..##.#
...
#@###.._..##..##..
.. #w.#
#......#...###
#.## ...##
#......##..###
#..####...#
#..............
.........
...#########...#
####........ ####
#.... #.....####.
##.## #.#....<# ..
##.## #.......#
####....


You could see a worm.

Vanquished Creatures
  A gnoll (D:1)
  A dart slug (D:1)
  3 ball pythons
  4 bats
  2 endoplasms (D:1)
  A giant cockroach (D:1)
  2 goblins (D:1)
  4 hobgoblins (D:1)
  8 jackals (D:1)
  4 quokkas (D:1)
  A frilled lizard (D:1)
  2 kobolds (D:1)
  4 rats (D:1)
37 creatures vanquished.

Notes
Turn   | Place    | Note
-------+----------+-------------------------------------------
     0 | D:1      | IdlyInterested the Demonspawn Fighter began the quest for
                  | the Orb.
     0 | D:1      | Reached XP level 1. HP: 18/18 MP: 1/1
    98 | D:1      | Reached skill level 1 in Dodging
   101 | D:1      | Discovered your monstrous ancestry.
   101 | D:1      | Gained mutation: You have sharp fingernails. [demonic
                  | ancestry]
   101 | D:1      | Reached XP level 2. HP: 20/24 MP: 2/2
   246 | D:1      | Reached skill level 1 in Stealth
   306 | D:1      | Reached XP level 3. HP: 29/29 MP: 3/3
   364 | D:1      | Reached skill level 1 in Short Blades
   815 | D:2      | Found a faded altar of an unknown god.
   854 | D:2      | Found a shimmering blue altar of Sif Muna.
   881 | D:2      | Slain by a worm

Illustrated notes

Levels and vault maps discovered:
D:1:      amcnicky_arrival_feature_with_door, layout_loops_ring
D:2:      layout_rooms, ebering_ecumenical_altar_webs, basic_altar,
          nicolae_wormholes

Skill      XL: |  1  2  3 |
---------------+----------+-----
Dodging        | 1 |  1.0
Stealth        | 1 |  1.0
Short Blades   | 1 |  1.3
Fighting       | |  3.6
Axes           | |  1.7
Throwing       | |  0.7
Armour         | |  2.6
Shields        | |  2.6

Action                     || total
---------------------------++-------
  Melee: War axe           ||   113
  Throw: Stone             ||     3
 Armour: Scale mail        ||    44
  Dodge: Dodged            ||    51
  Block: Buckler           ||    25

Table legend: (Time is in decaauts)
 A = Elapsed time spent in this place.
 B = Non-inter-level travel time spent in this place.
 C = Inter-level travel time spent in this place.
 D = Time resting spent in this place.
 E = Time spent auto-exploring this place.
 F = Levels seen in this place.
 G = Mean time per level.
                   A        B        C        D        E       F      G
               +--------+--------+--------+--------+--------+-----+--------+
         Total |    932 |    910 |     22 |     89 |    533 |   2 |  466.0 |
       Dungeon |    932 |    910 |     22 |     89 |    533 |   2 |  466.0 |
               +--------+--------+--------+--------+--------+-----+--------+

Top non-repeatable levels by time:
     D:1: 863 daAuts
     D:2: 69 daAuts
